 Dungeon Crawl Stone Soup version 0.31-a0-1172-g9944ec47dd (webtiles) character file.

Game seed: 8722498809992633399

2765 bmb222 the Grappler (level 9, -1/74 HPs)
             Began as a Ghoul Monk on Dec 11, 2023.
             Was a Priest of Okawaru.
             Shot with a sling bullet by Joseph (14 damage)
             ... on level 7 of the Dungeon.
             The game lasted 00:11:16 (7603 turns).

bmb222 the Grappler (Ghoul Monk)                    Turns: 7603, Time: 00:11:17

Health: -1/74      AC:  8    Str: 19    XL:     9   Next: 69%
Magic:  9/9        EV: 12    Int:  9    God:    Okawaru [***...]
Gold:   439        SH:  0    Dex: 11    Spells: 8/8 levels left

rFire   . . .        E - +1 flail (distort)
rCold   + . .        c - orb {light}
rNeg    + + +        k - +0 ring mail
rPois   ∞            o - +1 helmet
rElec   .            (no cloak)
rCorr   .            (no gloves)
SInv    .            (no boots)
Will    .....        (no amulet)
Stlth   +            (no ring)
HPRegen 0.00/turn    (no ring)
MPRegen 0.11/turn

%: no passive effects
@: about to teleport, inhibited regen, glowing
A: claws 1, cold resistance 1, negative energy resistance 3, inhibited
regeneration, torment resistance 2, devour on kill
a: Renounce Religion, Heroism


You were on level 7 of the Dungeon.
You worshipped Okawaru.
Okawaru was most pleased with you.
You visited 2 branches of the dungeon, and saw 8 of its levels.
You also visited: Sewer and Ossuary.

You collected 439 gold pieces.

Inventory:

Hand Weapons
 d - a +1 scythe
 v - a +1 vampiric war axe
 E - a +1 flail of distortion (weapon)
Missiles
 w - 2 throwing nets
Armour
 a - a +0 robe
 c - an orb of light (worn)
 k - a +0 ring mail (worn)
 o - a +1 helmet (worn)
 p - a +0 cloak
 r - a +0 hat
Jewellery
 e - an amulet of faith
 h - a +6 ring of strength
 t - a +5 ring of evasion
 G - a ring of willpower
Talismans
 m - a serpent talisman
Wands
 f - a wand of mindburst (14)
 n - a wand of digging (7)
 q - a wand of flame (17)
 y - a wand of polymorph (9)
Scrolls
 g - 2 scrolls of enchant weapon
 i - 3 scrolls of identify
 j - 3 scrolls of teleportation
 l - 2 scrolls of revelation
 s - a scroll of blinking
 B - a scroll of enchant armour
 D - a scroll of poison {unknown}
 F - a scroll of amnesia
 H - a scroll of fear {unknown}
Potions
 b - 2 potions of ambrosia
 u - a potion of curing
 x - 2 potions of invisibility
 z - 2 potions of enlightenment
 A - 2 potions of degeneration
 C - 2 potions of brilliance


   Skills:
 * Level 5.3 Fighting
 * Level 1.4 Maces & Flails
 * Level 5.4 Armour
 + Level 5.0 Dodging
 - Level 0.8 Stealth
 - Level 10.6 Unarmed Combat
 * Level 2.3 Invocations


You had 8 spell levels left.
You didn't know any spells.
Your spell library contained the following spells:

 Spells                   Type           Power      Damage    Failure   Level
 Apportation              Tloc           0%         N/A       54%         1
 Necrotise                Necr           0%         1d4       54%         1
 Shock                    Conj/Air       0%         1d3       54%         1
 Slow                     Hex            0%         N/A       54%         1
 Confusing Touch          Hex            0%         N/A       89%         3
 Sigil of Binding         Hex            0%         N/A       89%         3
 Swiftness                Air            0%         N/A       89%         3
 Vampiric Draining        Necr           0%         2d6       89%         3
 Airstrike                Air            0%         2d(0-16)  100%        4
 Summon Small Mammal      Summ           Unusable   N/A       N/A         1

Dungeon Overview and Level Annotations

Branches:
Dungeon (7/15)             Temple (1/1) D:5           Sewer (visited)
Ossuary (visited)

Altars:
Ashenzari
Cheibriados
Dithmenos
Fedhas
Gozag
Hepliaklqana
Kikubaaqudgha
Nemelex Xobeh
Okawaru
Qazlal
Ru
Sif Muna
Trog
Uskayaw
Vehumet
Wu Jian
Xom
Yredelemnul
Lugonu

Shops:
D:2 (   D:5 *

Portals:
Abyss: D:3

Annotations:
D:7 Joseph


Innate Abilities, Weirdness & Mutations

You are immune to poison.
You have sharp fingernails.
Your flesh is cold resistant. (rC+)
You are immune to negative energy. (rN+++)
You do not regenerate when monsters are visible.
You are immune to unholy pain and torment.
You thrive by killing the living.


Message History

What level of the Dungeon? (default 6, ? - help)
Okay, then.
Search for what [Enter for "shield", or ? for help]?
Joseph shoots a sling bullet.
The sling bullet hits you.
Joseph says, "You will never get the ORB, sorry."
Joseph shoots a sling bullet.
The sling bullet closely misses you.
Joseph shoots a sling bullet.
The sling bullet closely misses you.
Joseph zaps a wand.
The mass of ice explodes!
The iceblast engulfs you! You partially resist.
Joseph shoots a sling bullet.
The sling bullet hits you.
Joseph shoots a sling bullet.
The sling bullet closely misses you.
You hit Joseph.
Joseph is lightly wounded.
Joseph blinks!
Joseph shoots a sling bullet.
The sling bullet closely misses you.
Joseph unwields a +1 sling of draining.
Joseph wields a +0 quarterstaff.
Joseph hits you with a +0 quarterstaff.
You hit Joseph.
Space warps horribly around Joseph!
Joseph is moderately wounded.
Joseph hits you with a +0 quarterstaff!
You sock Joseph!
Joseph is heavily wounded.
Joseph blinks!
Joseph unwields a +0 quarterstaff.
Joseph wields a +1 sling of draining.
You sense an unholy aura.
Joseph shoots a sling bullet.
The sling bullet hits you.
Joseph zaps a wand.
The mass of ice explodes!
The iceblast engulfs you! You partially resist.
Joseph zaps a wand.
The mass of ice explodes!
The iceblast engulfs you! You partially resist.
* * * LOW HITPOINT WARNING * * *
As you read the scroll of teleportation, it crumbles to dust.
You feel strangely unstable.
Joseph shoots a sling bullet.
The sling bullet barely misses you.
Joseph shoots a sling bullet.
The sling bullet hits you.
* * * LOW HITPOINT WARNING * * *
Joseph is nearby!
Joseph zaps a wand.
The mass of ice explodes!
The iceblast engulfs you but does no damage.
Joseph shoots a sling bullet.
The sling bullet hits you!
You die...

#........#># #..##.#
#########.###.#.###..#..#
..........# #.#......#..#
########..# #.######....#
#.....#...###.# #....#
#...........#.# ####..#####
#.......#..##.# #.........#
#.......#...#.###.###..##.#######
#.......#.......@......@.........
'.......#.......#.####..#.######.
#.......#..###..#.####..#.######.
#.....#.#..#.#..#.............##.
................#########........
#######)##.#.#.##############.##.
...........#...................#.
...............####.>.....######.
.....##.#.####.# #..............


You could see Joseph.

Vanquished Creatures
  Sigmund (D:2)
  Eustachio (D:4)
  2 water moccasins
  A black bear (D:5)
  An ice beast (D:5)
  2 ogres
  A centaur (D:6)
  A phantom (D:5)
  2 bullfrogs (Sewer)
  A gnoll sergeant (D:6)
  3 scorpions
  A howler monkey (D:4)
  3 hounds
  2 jellies (D:5)
  A gnoll bouda (D:7)
  A human zombie (Ossuary)
  3 orc priests
  An iron imp (D:4)
  2 sleepcaps
  4 iguanas
  7 scorpion zombies (D:6)
  8 orc wizards
  A hound zombie (Ossuary)
  Robin (D:4)
  4 mummies (Ossuary)
  12 adders
  2 howler monkey skeletons (D:6)
  9 gnolls
  2 river rats (D:4)
  3 white imps (D:7)
  2 adder zombies (Ossuary)
  A worm (D:3)
  2 dart slugs
  16 orcs
  7 endoplasms
  14 giant cockroaches
  17 goblins
  7 hobgoblins
  13 quokkas
  11 ball pythons
  6 bats
  12 frilled lizards
  2 hobgoblin zombies (Ossuary)
  11 kobolds
  2 kobold zombies (Ossuary)
  An orc zombie (Ossuary)
  13 rats
  3 rat zombies (Ossuary)
223 creatures vanquished.

Notes
Turn   | Place    | Note
-------+----------+-------------------------------------------
     0 | D:1      | bmb222 the Ghoul Monk began the quest for the Orb.
     0 | D:1      | Reached XP level 1. HP: 19/19 MP: 0/0
    88 | D:1      | Reached XP level 2. HP: 26/26 MP: 1/1
   541 | D:1      | Reached XP level 3. HP: 33/33 MP: 2/2
   754 | D:2      | Reached skill level 4 in Unarmed Combat
  1033 | D:2      | Found Ivolusch's Weapon Emporium.
  1106 | D:2      | Reached XP level 4. HP: 36/40 MP: 3/3
  1261 | D:2      | Noticed Sigmund
  1295 | D:2      | Killed Sigmund
  1296 | D:2      | Reached skill level 1 in Armour
  1296 | D:2      | Reached skill level 5 in Unarmed Combat
  1296 | D:2      | Reached XP level 5. HP: 33/46 MP: 4/4
  1467 | D:3      | Reached XP level 6. HP: 52/52 MP: 5/5
  1542 | D:3      | Reached skill level 6 in Unarmed Combat
  1553 | D:3      | Found a faded altar of an unknown god.
  1622 | D:3      | Found a large runed translucent door.
  1625 | D:3      | Found a large runed translucent door.
  1672 | D:3      | Found a one-way gate to the infinite horrors of the Abyss.
  1793 | D:3      | Identified the +3 battleaxe of Opoj {heavy, Fly Int-2
                  | Dex+4}
  2024 | D:3      | Found a corrupted altar of Lugonu.
  2092 | D:3      | HP: 1/52 [kobold/+0 short sword (2)]
  2425 | D:4      | Noticed Eustachio
  2444 | D:4      | Killed Eustachio
  2445 | D:4      | Reached XP level 7. HP: 37/59 MP: 6/6
  2593 | D:4      | Noticed Robin
  2659 | D:4      | Killed Robin
  2660 | D:4      | Reached skill level 7 in Unarmed Combat
  3165 | D:4      | Found a glowing drain.
  3174 | Sewer    | Entered a sewer
  3437 | Sewer    | Reached XP level 8. HP: 54/66 MP: 7/7
  3623 | D:4      | Found a snail-covered altar of Cheibriados.
  3632 | D:4      | Reached skill level 8 in Unarmed Combat
  3914 | D:5      | Entered Level 5 of the Dungeon
  3914 | D:5      | Found Wit Jir's General Store.
  3998 | D:5      | Found a shadowy altar of Dithmenos.
  4173 | D:5      | Reached skill level 9 in Unarmed Combat
  4295 | D:5      | Found a staircase to the Ecumenical Temple.
  4519 | D:5      | Found a blossoming altar of Fedhas.
  4779 | Temple   | Entered the Ecumenical Temple
  4804 | Temple   | Became a worshipper of Warmaster Okawaru
  4804 | Temple   | Reached * piety under Okawaru
  4804 | Temple   | Reached ** piety under Okawaru
  5075 | D:6      | Reached XP level 9. HP: 72/72 MP: 8/8
  5346 | D:6      | Found a sand-covered staircase.
  5350 | D:6      | Reached skill level 1 in Invocations
  5367 | Ossuary  | Entered an ossuary
  5373 | Ossuary  | Reached skill level 10 in Unarmed Combat
  5809 | D:6      | Found a bloodstained altar of Trog.
  5817 | D:6      | Reached skill level 5 in Fighting
  5817 | D:6      | Reached skill level 5 in Armour
  6176 | D:6      | Found a sacrificial altar of Ru.
  6517 | D:7      | Reached *** piety under Okawaru
  6735 | D:7      | Reached skill level 1 in Maces & Flails
  6735 | D:7      | Reached skill level 5 in Dodging
  6798 | D:7      | Noticed Joseph
  7603 | D:7      | Shot with a sling bullet by Joseph

Illustrated notes

Levels and vault maps discovered:
D:1:      minmay_arrival_plants_in_alcoves, layout_basic
D:2:      layout_loops_cross, serial_shops, shop, uniq_sigmund
D:3:      due_chaos_kobolds, layout_rooms, basic_ecumenical_altar
D:4:      layout_gridville, slow_altar_2, portal_sewer_entry_e, uniq_robin,
          uniq_eustachio
D:5:      layout_loops_cross, mainiacjoe_overflow_catwalk, fedhas_altar_4,
          nicolae_elyvilon_temple_path, temple_pool_b, serial_shops, shop,
          minmay_misc_feat_nine_boxes, lemuel_flamethrower_2
D:6:      layout_loops_ring, trog_three_pillars_becter,
          gammafunk_temple_overflow_wave,
          mainiacjoe_ossuary_entry_find_the_door, nrook_mini_backslash,
          kennysheep_generic_room_9
D:7:      layout_basic, tso_altar, uniq_joseph
Temple:   nicolae_temple_ecumenical_triangle

Skill      XL: |  1  2  3  4  5  6  7  8  9 |
---------------+----------------------------+-----
Dodging        | 3 4 5 |  5.0
Unarmed Combat | 4 5 6 7 9 10 | 10.6
Armour         | 1 2 3 4 5 |  5.4
Fighting       | 4 5 |  5.3
Invocations    | 2 |  2.3
Maces & Flails | 1 |  1.4
Stealth        | |  0.8

Action                     |  1- 3 |  4- 6 |  7- 9 || total
---------------------------+-------+-------+-------++-------
  Melee: Unarmed           |   110 |    99 |   405 ||   614
         Flail             |       |       |    40 ||    40
  Evoke: Wand              |       |       |     2 ||     2
    Use: Potion            |       |     3 |     2 ||     5
         Scroll            |       |       |    11 ||    11
 Armour: Robe              |    31 |       |       ||    31
         Ring mail         |    16 |    59 |   293 ||   368
  Dodge: Dodged            |    66 |    49 |   278 ||   393

Table legend: (Time is in decaauts)
 A = Elapsed time spent in this place.
 B = Non-inter-level travel time spent in this place.
 C = Inter-level travel time spent in this place.
 D = Time resting spent in this place.
 E = Time spent auto-exploring this place.
 F = Levels seen in this place.
 G = Mean time per level.
                   A        B        C        D        E       F      G
               +--------+--------+--------+--------+--------+-----+--------+
         Total |   7575 |   7088 |    487 |    675 |   4743 |  10 |  757.5 |
       Dungeon |   6956 |   6479 |    477 |    675 |   4455 |   7 |  993.7 |
        Temple |     34 |     25 |      9 |      0 |      0 |   1 |   34.0 |
         Sewer |    312 |    312 |      0 |      0 |     94 |   1 |  312.0 |
       Ossuary |    271 |    271 |      0 |      0 |    194 |   1 |  271.0 |
               +--------+--------+--------+--------+--------+-----+--------+

Top non-repeatable levels by time:
     D:4: 1243 daAuts
     D:7: 1137 daAuts
     D:6: 1117 daAuts
     D:5: 1029 daAuts
     D:3: 996 daAuts
     D:1: 737 daAuts
     D:2: 695 daAuts
   Sewer: 312 daAuts
 Ossuary: 271 daAuts
  Temple: 34 daAuts
